 Dungeon Crawl Stone Soup version 0.23.0 (webtiles) character file.

Game seed: 13799655029105839355

27 Flugkiller the Sneak (level 3, 0/42 HPs)
             Began as a Vine Stalker Assassin on Feb 18, 2019.
             Succumbed to a kobold's poison
             ... on level 1 of the Dungeon.
             The game lasted 00:00:44 (535 turns).

Flugkiller the Sneak (Vine Stalker Assassin)         Turns: 535, Time: 00:00:45

Health: 0/42       AC: 21    Str: 19    XL:     3   Next: 10%
Magic:  2/4        EV: -1    Int: 16    God:
Gold:   39         SH:  0    Dex: 15    Spells: 2/2 levels left

rFire    + . .     SeeInvis .   a - +2 dagger
rCold    + . .     Gourm    .   (no shield)
rNeg     + + +     Faith    .   (armour currently unavailable)
rPois    +         Spirit   +   (helmet currently unavailable)
rElec    +         Reflect  .   (cloak currently unavailable)
rCorr    +         Harm     .   (gloves currently unavailable)
MR       .....     NoTele   +   (boots currently unavailable)
Stlth    ..........             (no amulet)
HPRegen  0.14/turn              (no ring)
MPRegen  0.09/turn              (no ring)

@: brilliant, berserking, lethally poisoned (0 -> -11), tree-form, resistant,
constricted, very quick
A: magic shield, no potion heal 3, rot immunity
a: no special abilities


You were on level 1 of the Dungeon.
You were not hungry.
You were a tree.
You visited 1 branch of the dungeon, and saw 1 of its levels.

You collected 39 gold pieces.

Inventory:

Hand Weapons
 a - a +2 dagger (weapon)
 b - a +0 blowgun
Missiles
 e - 8 poisoned needles
 f - 2 curare-tipped needles
Armour
 c - a +0 robe (melded)
 d - a +0 cloak (melded)
 k - a +0 hat
   (You found it on level 1 of the Dungeon)
Scrolls
 i - 2 scrolls of fear {unknown}
 m - 2 scrolls of remove curse {unknown}
Comestibles
 g - 2 rations
 l - 2 chunks of flesh


   Skills:
 + Level 2.5 Fighting
 + Level 2.5 Short Blades
 - Level 1.7 Throwing
 - Level 0.7 Dodging
 - Level 4.8 Stealth


You had 2 spell levels left.
You didn't know any spells.
Your spell library was empty.

Dungeon Overview and Level Annotations

Branches:
Dungeon (1/15)

Altars:


Innate Abilities, Weirdness & Mutations

((You have extremely sharp teeth.))
When hurt, damage is shared between your health and your magic reserves.
((Your bite disrupts and absorbs the magic of your enemies.))
Potions cannot restore your health.
You are immune to rotting.


Message History

The goblin hits you but does no damage.
The ball python bites you but does no damage.
The ball python grabs you.
* * * LOW HITPOINT WARNING * * *
The ball python constricts you.
It was a potion of brilliance.
You feel clever all of a sudden. The ball python barely misses you.
* * * LOW HITPOINT WARNING * * *
The ball python constricts you.
It was a potion of lignification.
You turn into a tree.
Your +0 cloak melds into your body.
Your +0 robe melds into your body.
Your roots penetrate the ground.
* * * LOW HITPOINT WARNING * * *
You feel sick. The goblin hits you but does no damage.
The ball python bites you but does no damage.
The ball python constricts you.
It was a potion of berserk rage.
A red film seems to cover your vision as you go berserk!
You feel yourself moving faster!
You feel mighty! The goblin hits you but does no damage.
The ball python bites you but does no damage.
The ball python constricts you. The kobold hits you but does no damage.
You are more poisoned.
Unknown command.
You hit the kobold.
You kill the kobold!
* * * LOW HITPOINT WARNING * * *
You feel sick. The goblin hits you but does no damage.
The ball python bites you but does no damage.
The ball python constricts you.
You puncture the goblin!
You kill the goblin!
* * * LOW HITPOINT WARNING * * *
You feel sick.
The ball python bites you but does no damage.
The ball python constricts you.
You hit the ball python.
The ball python is severely wounded.
The rat bites you but does no damage.
Unknown command.
You puncture the rat!
You kill the rat!
* * * LOW HITPOINT WARNING * * *
You feel sick.
The ball python bites you but does no damage.
The ball python constricts you.
You barely miss the ball python.
The ball python is severely wounded.
You die...

#.# #.#
###.################# #..
#....................
....#.#.#################
#......########
.###.#.##.......# .......
#.#####.#
..#....##♣.......
........S)).....#
)##..>..........
.................
######.###.###### .. .#
... .. ##.. .## ## #..
..#


You could see a ball python.

Vanquished Creatures
  An ooze (D:1)
  A dart slug (D:1)
  A leopard gecko (D:1)
  2 giant cockroaches (D:1)
  5 goblins (D:1)
  A hobgoblin (D:1)
  2 kobolds (D:1)
  2 bats (D:1)
  3 rats (D:1)
18 creatures vanquished.

Notes
Turn   | Place    | Note
-------+----------+-------------------------------------------
     0 | D:1      | Flugkiller the Vine Stalker Assassin began the quest for
                  | the Orb.
     0 | D:1      | Reached XP level 1. HP: 11/11 MP: 2/2
   107 | D:1      | Reached XP level 2. HP: 15/15 MP: 3/3
   488 | D:1      | Reached XP level 3. HP: 19/19 MP: 4/4
   532 | D:1      | HP: 2/42 [poisoned by a kobold]
   535 | D:1      | Succumbed to a kobold's poison

Skill      XL: |  1 |
---------------+----+-----
Fighting       | 2 |  2.5
Short Blades   | 2 |  2.5
Throwing       | |  1.7
Dodging        | |  0.7
Stealth        | |  4.8

Action                   || total
-------------------------++-------
Melee: Dagger            ||    39
       Bite              ||     4
  Use: Potion            ||     4
 Stab: Sleeping          ||     5
Armor: Robe              ||     7
       Skin              ||    10
Dodge: Dodged            ||    15
